 Dungeon Crawl Stone Soup version 0.19-a0-1932-g59670f6 (webtiles) character file.

270 varam the Cudgeler (level 6, 0/51 HPs)
             Began as a Centaur Monk on Oct 25, 2016.
             Was a Follower of Okawaru.
             Succumbed to a water moccasin's poison
             ... on level 5 of the Dungeon.
             The game lasted 00:08:55 (4336 turns).

varam the Cudgeler (Centaur Monk)                   Turns: 4336, Time: 00:08:56

Health: 0/51       AC:  4    Str: 14    XL:     6   Next: 1%
Magic:  6/6        EV: 10    Int:  9    God:    Okawaru [*.....]
Gold:   101        SH:  0    Dex: 13    Spells: 0 memorised, 5 levels left

rFire  . . .     SeeInvis .     f - +0 whip
rCold  . . .     Gourm    .     h - +0 leather armour
rNeg   . . .     Faith    .     (no shield)
rPois  .         Spirit   .     (no helmet)
rElec  .         Reflect  .     (no cloak)
rCorr  .         Harm     .     (no gloves)
MR     .....                    (no barding)
Stlth  +.........               (no amulet)
                                (no ring)
                                (no ring)

@: lethally poisoned (0 -> -33), invisible, very quick
A: hooves 3, deformed body, speed 2, tough skin 3
a: Heroism, Renounce Religion


You were on level 5 of the Dungeon.
You worshipped Okawaru.
Okawaru was aware of your devotion.
You were hungry.

You visited 2 branches of the dungeon, and saw 6 of its levels.

You collected 101 gold pieces.

Inventory:

Hand Weapons
 f - a +0 whip (weapon)
Missiles
 w - 6 poisoned javelins (quivered)
Armour
 b - a +0 robe
 h - a +0 leather armour (worn)
Jewellery
 d - a cursed ring of teleportation {unknown}
 k - an uncursed ring of stealth {unknown}
 r - a cursed -6 ring of protection {unknown}
Wands
 q - a wand of slowing (19/48)
Scrolls
 c - a scroll of amnesia {unknown}
 e - 2 scrolls of noise {unknown}
 i - 3 scrolls of enchant armour {unknown}
 j - a scroll of immolation {unknown}
 l - 6 scrolls of identify {unknown}
 n - 3 scrolls of recharging {unknown}
 o - 2 scrolls of remove curse {unknown}
 s - a scroll of fear {unknown}
Potions
 u - a potion of cancellation {unknown}
Books
 p - a book of Minor Magic

   Spells                             Type                      Level
   a - Magic Dart                     Conjuration                  1
   b - Blink                          Translocation                2
   c - Call Imp                       Summoning                    2
   d - Repel Missiles                 Charms/Air                   2
   e - Slow                           Hexes                        2
   f - Conjure Flame                  Conjuration/Fire             3
   g - Mephitic Cloud                 Conjuration/Poison/Air       3
Comestibles
 m - 3 meat rations
 t - a bread ration


   Skills:
 + Level 3.1 Fighting
 + Level 6.1 Maces & Flails
 - Level 2.1 Dodging
 - Level 1.1 Stealth


You had 5 spell levels left.
You didn't know any spells.

Dungeon Overview and Level Annotations

Branches:
Dungeon (5/15)             Temple (1/1) D:4

Altars:
Ashenzari
Elyvilon
Fedhas
Okawaru
Ru
Sif Muna
Trog
Uskayaw
Xom


Innate Abilities, Weirdness & Mutations

You have hooves in place of feet.
Armour fits poorly on your strangely shaped body.
You cover ground very quickly.
You have extremely tough skin. (AC +3)


Message History

You are feeling hungry.
You hit the water moccasin. You kick the water moccasin.
The water moccasin is heavily wounded.
The water moccasin barely misses you.
You barely miss the water moccasin. You kick the water moccasin.
The water moccasin is heavily wounded.
You feel sick. The water moccasin bites you!
* * * LOW HITPOINT WARNING * * *
You are lethally poisoned!
The water moccasin poisons you!
Okay, then.
It was a potion of magic.
Magic courses through your body.
* * * LOW HITPOINT WARNING * * *
You feel sick. The water moccasin bites you.
* * * LOW HITPOINT WARNING * * *
You are more poisoned.
The water moccasin poisons you!
It was a potion of invisibility.
You fade into invisibility!
You feel like a meek peon again.
You die...

#########
#..>....#
#.......###.##.
#<.....@S......
#.......###....
#.......# .
#.......#
#########


You could see a water moccasin.

Vanquished Creatures
  An ogre (D:4)
  3 gnolls (D:2)
  7 adders
  A shadow imp (D:3)
  An adder skeleton (D:4)
  A worm (D:2)
  A dart slug (D:2)
  4 leopard geckos
  An orc (D:3)
  4 ball pythons
  9 bats
  5 giant cockroaches
  11 goblins
  9 hobgoblins
  9 kobolds
  2 quokkas (D:3)
  3 frilled lizards
  A leopard gecko skeleton (D:5)
  6 rats
79 creatures vanquished.

Notes
Turn   | Place    | Note
-------+----------+-------------------------------------------
     0 | D:1      | varam the Centaur Monk began the quest for the Orb.
     0 | D:1      | Reached XP level 1. HP: 19/19 MP: 1/1
    59 | D:1      | Reached skill level 3 in Maces & Flails
   121 | D:1      | Reached XP level 2. HP: 13/26 MP: 2/2
   573 | D:2      | Reached XP level 3. HP: 19/31 MP: 3/3
   822 | D:2      | Reached skill level 4 in Maces & Flails
   891 | D:2      | Found a shattered altar of Ashenzari.
   975 | D:2      | Reached XP level 4. HP: 23/38 MP: 4/4
  1579 | D:2      | Reached skill level 5 in Maces & Flails
  2041 | D:4      | Found a staircase to the Ecumenical Temple.
  2041 | D:4      | Noticed an ogre
  2072 | Temple   | Entered the Ecumenical Temple
  2339 | Temple   | Became a worshipper of Warmaster Okawaru
  2339 | Temple   | Reached * piety under Okawaru
  2339 | Temple   | Reached ** piety under Okawaru
  2362 | D:4      | Killed an ogre
  2362 | D:4      | Reached XP level 5. HP: 29/45 MP: 2/5
  2539 | D:3      | Found a bloodstained altar of Trog.
  3070 | D:3      | Reached skill level 6 in Maces & Flails
  3205 | D:3      | Found a white marble altar of Elyvilon.
  4035 | D:4      | Reached XP level 6. HP: 48/51 MP: 6/6
  4308 | D:5      | Entered Level 5 of the Dungeon
  4317 | D:5      | Noticed a water moccasin
  4336 | D:5      | Succumbed to a water moccasin's poison

Vault maps used:
D:1:      dpeg_arrival_arbitrary_c
D:2:      overflow_temple_1_default, kennysheep_generic_room_2
D:3:      lemuel_doored_altar, portal_sewer_entry_d, trog_butcher_becter
D:4:      lemuel_coloured_pillars_altar, serial_shops, shop,
          supply_closet_lemuel
D:5:      lemuel_crystal_altar, serial_glass, glass_columns_a, glass_columns_b,
          first_bread, minmay_misc_feat_more_columns
Temple:   eino_temple_lava

Skill      XL: |  1  2  3  4  5 |
---------------+----------------+-----
Maces & Flails | 3 4 5 6 |  6.1
Fighting       | |  3.1
Dodging        | |  2.1
Stealth        | |  1.1

Action                   |  1- 3 |  4- 6 || total
-------------------------+-------+-------++-------
Melee: Mace              |    11 |       ||    11
       Whip              |   114 |   219 ||   333
       Kick              |    23 |    46 ||    69
       Punch             |       |     1 ||     1
Invok: Heroism           |       |     3 ||     3
  Use: Potion            |       |     2 ||     2
  Eat: Chunk             |       |     4 ||     4
       Bread ration      |       |     1 ||     1
Armor: Robe              |    10 |       ||    10
       Leather armour    |    40 |    66 ||   106
Dodge: Dodged            |    73 |    95 ||   168
